 Dungeon Crawl Stone Soup version 0.20-a0-433-g9e36e56 (webtiles) character file.

125 Kriby the Magician (level 4, -2/30 HPs)
             Began as a Mummy Fire Elementalist on Jan 4, 2017.
             Slain by an orc wizard
             ... wielding a +0 dagger
              (4 damage)
             ... on level 3 of the Dungeon.
             The game lasted 00:02:28 (3090 turns).

Kriby the Magician (Mummy Fire Elementalist)        Turns: 3090, Time: 00:02:28

Health: -2/30      AC:  2    Str: 11    XL:     4   Next: 82%
Magic:  3/10       EV: 12    Int: 15    God:
Gold:   108        SH:  0    Dex: 12    Spells: 1/11 levels left

rFire  x . .     SeeInvis .     l - +1 dagger (protect)
rCold  + . .     Gourm    .     a - +0 robe
rNeg   + + +     Faith    .     (no shield)
rPois  ∞         Spirit   .     (no helmet)
rElec  .         Reflect  .     (no cloak)
rCorr  .         Harm     .     (no gloves)
MR     .....                    (no boots)
Stlth  ++........               (no amulet)
                                (no ring)
                                (no ring)

@: very slightly contaminated
A: no food or potions, fire vulnerability, cold resistance 1, negative energy
resistance 3, torment resistance, unbreathing
a: no special abilities


You were on level 3 of the Dungeon.
You were not hungry.

You visited 1 branch of the dungeon, and saw 3 of its levels.

You collected 108 gold pieces.

Inventory:

Hand Weapons
 l - a +1 dagger of protection (weapon)
Armour
 a - a +0 robe (worn)
Jewellery
 k - a +4 ring of intelligence {unknown}
Scrolls
 c - a scroll of enchant armour {unknown}
 e - 3 scrolls of fear {unknown}
 f - 4 scrolls of remove curse {unknown}
 g - 2 scrolls of amnesia {unknown}
 h - 3 scrolls of identify {unknown}
 i - a scroll of noise {unknown}
 j - a scroll of magic mapping {unknown}
Books
 b - a book of Flames

   Spells                             Type                      Level
   a - Flame Tongue                   Conjuration/Fire             1
   b - Throw Flame                    Conjuration/Fire             2
   c - Conjure Flame                  Conjuration/Fire             3
   d - Inner Flame                    Hexes/Fire                   3
   e - Sticky Flame                   Conjuration/Fire             4
   f - Fireball                       Conjuration/Fire             5


   Skills:
 - Level 1.5 Dodging
 - Level 1.5 Stealth
 + Level 4.1 Spellcasting
 * Level 2.7 Conjurations
 + Level 2.9 Fire Magic


You had one spell level left.
You knew the following spells:

 Your Spells              Type           Power        Failure   Level  Hunger
a - Flame Tongue          Conj/Fire      ##...        8%          1    N/A
b - Conjure Flame         Conj/Fire      ##......     21%         3    N/A
c - Sticky Flame          Conj/Fire      ##......     67%         4    N/A
d - Throw Flame           Conj/Fire      ##....       12%         2    N/A

Dungeon Overview and Level Annotations

Branches:
Dungeon (3/15)

Altars:


Innate Abilities, Weirdness & Mutations

You do not eat or drink.
Your flesh is vulnerable to fire.
You are immune to poison.
Your flesh is cold resistant. (rC+)
You are immune to negative energy. (rN+++)
You are immune to unholy pain and torment.
You can survive without breathing.


Message History

You hit something.
Your weapon exudes an aura of protection.
Something hits you.
You closely miss something.
You hear some strange, mumbled words.
A magic dart appears from out of thin air!
The magic dart hits you!
You barely miss something. Something barely misses you.
You miss something.
You hear some strange, mumbled words.
A magic dart appears from out of thin air!
The magic dart hits you!
* * * LOW HITPOINT WARNING * * *
You hit something.
Your weapon exudes an aura of protection.
Something hits you but does no damage.
You closely miss something. Something hits you but does no damage.
You closely miss something. Something completely misses you.
You closely miss something. Something hits you.
You die...

######### #.......# #######
#.......# #...... #.......#
#...... #.......# ##......
. ##....### ###....... ..#
#..##.{# #.....!... ..oo
#.o.# ##@## #.#####.##
.....o.## #..# ##.# #..#
.....!########.#
##..####.##
##.o....###.####..###...###
####<....#<#....####.###..
###...#...#####...##..#
###..#...# ##.#....##
#....#.###..#.####
#.............##


There were no monsters in sight!

Vanquished Creatures
  A gnoll (D:1)
  7 adders
  2 worms (D:2)
  A dart slug (D:2)
  2 leopard geckos
  2 orcs (D:3)
  4 bats (D:2)
  8 goblins
  3 hobgoblins
  3 jackals (D:3)
  A quokka (D:2)
  A frilled lizard (D:2)
  5 kobolds
  5 rats
45 creatures vanquished.

Notes
Turn   | Place    | Note
-------+----------+-------------------------------------------
     0 | D:1      | Kriby the Mummy Fire Elementalist began the quest for the Orb.
     0 | D:1      | Reached XP level 1. HP: 13/13 MP: 4/4
    61 | D:1      | Reached skill level 1 in Conjurations
   478 | D:1      | Reached XP level 2. HP: 19/19 MP: 1/5
   699 | D:1      | Reached skill level 3 in Spellcasting
  1133 | D:2      | Reached XP level 3. HP: 24/24 MP: 4/7
  2102 | D:2      | Reached XP level 4. HP: 26/30 MP: 5/9
  2848 | D:3      | Reached skill level 4 in Spellcasting
  2942 | D:2      | Learned a level 3 spell: Conjure Flame
  2947 | D:2      | Learned a level 4 spell: Sticky Flame
  2950 | D:2      | Learned a level 2 spell: Throw Flame
  3086 | D:3      | HP: 1/30 [something/magic dart (9)]
  3090 | D:3      | Slain by an orc wizard

Vault maps used:
D:1:      tarquinn_simple_flora_water_e
D:2:      kennysheep_big_empty_room
D:3:      nicolae_underground_beach

Skill      XL: |  1  2  3  4 |
---------------+-------------+-----
Conjurations   | 1 2 |  2.7
Spellcasting   | 3 4 |  4.1
Dodging        | |  1.5
Stealth        | |  1.5
Fire Magic     | |  2.9

Action                   |  1- 3 |  4- 6 || total
-------------------------+-------+-------++-------
Melee: Unarmed           |     2 |       ||     2
       Dagger            |    10 |     9 ||    19
 Cast: Flame Tongue      |    58 |    44 ||   102
       Conjure Flame     |       |     1 ||     1
Armor: Robe              |     2 |     5 ||     7
Dodge: Dodged            |    22 |    15 ||    37
